 Dungeon Crawl Stone Soup version 0.32-a0-292-g751ec8d2e7 (webtiles) character file.

Game seed: 17690563268288476011

1564763 momomo the Impregnable (level 26, 252/252 HPs)
             Began as a Gnoll Monk on Feb 14, 2024.
             Was an Elder of Hepliaklqana.
             Escaped with the Orb
             ... and 3 runes!
             The game lasted 03:10:34 (76258 turns).

momomo the Impregnable (Gnoll Monk)                Turns: 76258, Time: 03:10:34

Health: 252/252    AC: 32    Str: 15    XL:     26   Next: 84%
Magic:  44/45      EV: 25    Int: 20    God:    Hepliaklqana [****..]
Gold:   622        SH: 21    Dex: 19    Spells: 3/62 levels left

rFire   + . .        X - +8 trident of Animal Spirits {holy, rC+ Dex+2}
rCold   + + .        O - +5 kite shield {rC+}
rNeg    + . .        b - melded quicksilver dragon scales
rPois   ∞            v - +2 helmet {SInv}
rElec   +            V - scarf {repulsion}
rCorr   +            I - melded +2 pair of gloves
SInv    +            N - melded +2 pair of slick slippers {slick, slippery, EV+4}
Will    +++..        E - amulet of regeneration
Stlth   +++          w - ring "Laecweal" {Fly rF+ Str+3 Slay+2}
HPRegen 1.42/turn    H - ring of Bedeqiucw {Will+ rCorr Dex+2}
MPRegen 0.29/turn

%: repel missiles
@: statue-form, flying, studying 2 skills, very slow
A: slow and powerful, torment resistance 1, boosted hp, reduced essence, fangs
1, strong nose, distributed training, hooves 1, (iridescent scales 1),
strong-willed 1
0: Orb of Zot
}: 3/15 runes: decaying, silver, gossamer
a: Begin Untransformation, Renounce Religion, Recall Ancestor, Ancestor
Identity, Transference, Idealise


You escaped.
You worshipped Hepliaklqana.
Hepliaklqana was greatly pleased with you.
You were a living statue of rough stone.
You visited 10 branches of the dungeon, and saw 48 of its levels.
You visited 1 bazaar.
You also visited: Bailey and Ice Cave.

You collected 10919 gold pieces.
You spent 10297 gold pieces at shops.

Inventory:

Hand Weapons
 m - a +2 hand cannon of freezing
 p - the +8 morningstar of the Living God {heavy, rF+ rC+ Will+}
   (You took it off a deep elf sorcerer on level 3 of the Elven Halls)

   rF+:       It protects you from fire.
   rC+:       It protects you from cold.
   Will+:     It increases your willpower.
 r - a +6 double sword of electrocution
 z - the +4 spear of Kismet {antimagic, Fly Dex+5 Stlth-}
   (You bought it in a shop on level 2 of the Orcish Mines)

   Dex+5:     It affects your dexterity (+5).
   Fly:       It grants you flight.
   Stlth-:    It makes you less stealthy.
 Q - a +1 broad axe of freezing
 X - the +8 trident of Animal Spirits (weapon) {holy, rC+ Dex+2}
   (You bought it in a shop on level 9 of the Dungeon)

   Dex+2:     It affects your dexterity (+2).
   rC+:       It protects you from cold.
Missiles
 j - 4 throwing nets {!f}
 o - 6 darts of dispersal
 y - 24 curare-tipped darts
 W - 23 javelins (quivered)
Armour
 b - quicksilver dragon scales (melded)
 v - a +2 helmet of see invisible (worn)
 I - a +2 pair of gloves (melded)
 N - the +2 pair of slick slippers (melded) {slick, slippery, EV+4}
   (You found it on level 4 of the Spider Nest)

   Slick:     Its wearer cannot be constricted, engulfed, netted or webbed.
   Slippery:  Its wearer slips away from damaging melee attacks, pulling the
   attacker onward.
   EV+4:      It affects your evasion (+4).
 O - a +5 kite shield of cold resistance (worn)
 P - a +2 cloak of preservation
 V - a scarf of repulsion (worn)
Magical Staves
 q - the staff of Objectivity {Int+3 Conj}
   (You found it on level 5 of the Vaults)

   [staff of conjuration]

   Base accuracy: +5 Base damage: 5 Base attack delay: 1.2 This weapon's minimum
   attack delay (0.6) is reached at skill level 12.
   Int+3:     It affects your intelligence (+3).
   Conj:      It increases the power of your Conjurations spells.
   It falls into the 'Staves' category.
   It is a one-handed weapon.
Jewellery
 d - a ring of see invisible
 u - a ring of willpower
 w - the ring "Laecweal" (left fist) {Fly rF+ Str+3 Slay+2}
   (You bought it in a shop on level 3 of the Vaults)

   [ring of flight]

   Str+3:     It affects your strength (+3).
   Slay+2:    It affects your accuracy & damage with ranged weapons and melee
   (+2).
   rF+:       It protects you from fire.
   Fly:       It grants you flight.
 E - an amulet of regeneration (around neck)
 H - the ring of Bedeqiucw (right fist) {Will+ rCorr Dex+2}
   (You bought it in a shop on level 4 of the Depths)

   [ring of willpower]

   Dex+2:     It affects your dexterity (+2).
   Will+:     It increases your willpower.
   rCorr:     It protects you from acid and corrosion.
 S - a ring of wizardry
 Z - a ring of protection from fire
Talismans
 e - a granite talisman (active)
Wands
 f - a wand of light (2)
 l - a wand of polymorph (5)
 B - a wand of roots (26)
 F - a wand of digging (3) {@v3}
 G - a wand of paralysis (39)
Scrolls
 h - 4 scrolls of fear
 i - 12 scrolls of teleportation {@r3}
 A - 3 scrolls of blinking {@r4}
 C - 8 scrolls of fog
 D - 5 scrolls of silence
 T - a scroll of summoning
Potions
 a - a potion of cancellation
 c - 5 potions of ambrosia
 g - 20 potions of curing {@q1}
 k - 4 potions of resistance {@q5}
 n - 4 potions of enlightenment
 s - 12 potions of heal wounds {@q2}
 t - 7 potions of haste {@q4}
 J - 3 potions of invisibility
 K - 5 potions of lignification
 L - 7 potions of might {@q3}
 U - 11 potions of mutation
 Y - 5 potions of magic
Miscellaneous
 x - a sack of spiders
 M - a lightning rod (4/4)
 R - a phantom mirror


   Skills:
 + Level 19.4 Fighting
 + Level 18.5 Short Blades
 + Level 19.4 Long Blades
 + Level 18.5 Axes
 + Level 18.5 Maces & Flails
 + Level 18.5 Polearms
 + Level 18.5 Staves
 + Level 21.3 Ranged Weapons
 + Level 18.5 Throwing
 + Level 21.8 Armour
 + Level 19.4 Dodging
 + Level 18.5 Stealth
 + Level 18.5 Shields
 + Level 18.5 Unarmed Combat
 + Level 18.5 Spellcasting
 + Level 15.7 Conjurations
 + Level 15.7 Hexes
 + Level 15.7 Summonings
 + Level 15.7 Necromancy
 + Level 15.7 Translocations
 + Level 15.7 Fire Magic
 + Level 15.7 Ice Magic
 + Level 15.7 Air Magic
 + Level 15.7 Earth Magic
 + Level 15.7 Alchemy
 + Level 20.0 Invocations
 + Level 18.5 Evocations
 + Level 17.1 Shapeshifting


You had 3 spell levels left.
You knew the following spells:

 Your Spells              Type           Power      Damage    Failure   Level
a - Borgnjor's Vile Clut  Necr/Erth      34%        N/A       1%          5
b - Apportation           Tloc           100%       N/A       0%          1
c - Swiftness             Air            69%        N/A       1%          3
d - Summon Forest         Summ/Tloc      34%        N/A       1%          5
e - Bombard               Conj/Erth      34%        9d6       1%          6
f - Ozocubu's Armour      Ice            69%        N/A       1%          3
g - Irradiate             Conj/Alch      34%        3d23      1%          5
h - Summon Mana Viper     Hex/Summ       69%        N/A       1%          5
i - Malign Gateway        Summ/Tloc      34%        N/A       5%          7
j - Yara's Violent Unrav  Hex/Alch       34%        3d14      1%          5
k - Passwall              Erth           69%        N/A       1%          3
l - Passage of Golubria   Tloc           69%        N/A       1%          4
m - Spellforged Servitor  Conj/Summ      34%        N/A       5%          7

Your spell library contained the following spells:

 Spells                   Type           Power      Damage    Failure   Level
 Foxfire                  Conj/Fire      100%       2x1d9     0%          1
 Freeze                   Ice            100%       1d10      0%          1
 Necrotise                Necr           100%       1d9       0%          1
 Sandblast                Erth           100%       2d20      0%          1
 Shock                    Conj/Air       100%       1d9       0%          1
 Slow                     Hex            100%       N/A       0%          1
 Sting                    Conj/Alch      100%       1d9       0%          1
 Summon Small Mammal      Summ           100%       N/A       0%          1
 Ensorcelled Hibernation  Hex/Ice        100%       N/A       0%          2
 Lesser Beckoning         Tloc           100%       N/A       0%          2
 Static Discharge         Conj/Air       100%       3-8/arc   0%          2
 Call Canine Familiar     Summ           69%        N/A       1%          3
 Confusing Touch          Hex            69%        N/A       1%          3
 Dazzling Flash           Conj/Hex       100%       N/A       1%          3
 Frozen Ramparts          Ice            100%       1d16      1%          3
 Fugue of the Fallen      Necr           69%        N/A       1%          3
 Gell's Gravitas          Tloc           69%        N/A       1%          3
 Hailstorm                Conj/Ice       69%        3d12      1%          3
 Inner Flame              Hex/Fire       69%        N/A       1%          3
 Mephitic Cloud           Conj/Alch/Air  69%        N/A       1%          3
 Sigil of Binding         Hex            69%        N/A       1%          3
 Stone Arrow              Conj/Erth      100%       3d13      1%          3
 Summon Ice Beast         Ice/Summ       69%        N/A       1%          3
 Teleport Other           Tloc           69%        N/A       1%          3
 Tukima's Dance           Hex            69%        N/A       1%          3
 Vampiric Draining        Necr           69%        2d10      1%          3
 Volatile Blastmotes      Fire/Tloc      100%       2d18      1%          3
 Airstrike                Air            34%        2d(5-21)  1%          4
 Anguish                  Hex/Necr       34%        N/A       1%          4
 Animate Armour           Summ/Erth      100%       N/A       1%          4
 Animate Dead             Necr           69%        N/A       1%          4
 Brom's Barrelling Bould  Conj/Erth      69%        2d8       1%          4
 Cause Fear               Hex            34%        N/A       1%          4
 Dimensional Bullseye     Hex/Tloc       34%        N/A       1%          4
 Flame Wave               Conj/Fire      69%        2d16      1%          4
 Fulminant Prism          Conj/Alch      34%        3d16      1%          4
 Iskenderun's Mystic Bla  Conj/Tloc      69%        2d14      1%          4
 Leda's Liquefaction      Alch/Erth      34%        N/A       1%          4
 Manifold Assault         Tloc           69%        N/A       1%          4
 Martyr's Knell           Necr/Summ      69%        N/A       1%          4
 Olgreb's Toxic Radiance  Alch           69%        N/A       1%          4
 Petrify                  Alch/Erth      69%        N/A       1%          4
 Sticky Flame             Fire/Alch      69%        2d11      1%          4
 Summon Blazeheart Golem  Fire/Summ      69%        N/A       1%          4
 Summon Lightning Spire   Summ/Air       69%        N/A       1%          4
 Curse of Agony           Necr           69%        N/A       1%          5
 Fireball                 Conj/Fire      34%        3d14      1%          5
 Lee's Rapid Deconstruct  Erth           34%        3d17*     1%          5
 Metabolic Englaciation   Hex/Ice        34%        N/A       1%          5
 Silence                  Hex/Air        34%        N/A       1%          5
 Death Channel            Necr           34%        N/A       1%          6
 Dispersal                Tloc           34%        N/A       1%          6
 Eringya's Noxious Bog    Alch           34%        4d6       1%          6
 Plasma Beam              Fire/Air       34%        2x1d47    1%          6
 Sculpt Simulacrum        Ice/Alch       34%        N/A       1%          6
 Starburst                Conj/Fire      34%        6d10      1%          6
 Monstrous Menagerie      Summ           34%        N/A       5%          7
 Orb of Destruction       Conj           34%        9d10      5%          7
 Ozocubu's Refrigeration  Ice            34%        4d15      5%          7
 Summon Hydra             Summ           34%        N/A       5%          7
 Discord                  Hex            34%        N/A       38%         8
 Disjunction              Tloc           34%        N/A       38%         8
 Ignition                 Fire           34%        3d11      38%         8
 Maxwell's Capacitive Co  Air            34%        ∞         38%         8
 Summon Horrible Things   Summ           34%        N/A       38%         8
 Dragon's Call            Summ           34%        N/A       100%        9
 Polar Vortex             Ice            34%        12d4*     100%        9


Dungeon Overview and Level Annotations

Branches:
Dungeon (15/15)            Temple (1/1) D:7            Lair (5/5) D:8
  Swamp (4/4) Lair:3       Spider (4/4) Lair:3        Slime (0/5) Lair:4
    Orc (2/2) D:10            Elf (3/3) Orc:2        Vaults (5/5) D:13
  Crypt (0/3) Vaults:2     Depths (4/4) D:15            Zot (5/5) Depths:4
 Bailey (visited)           IceCv (visited)

Altars:
Ashenzari
Cheibriados
Dithmenos
Elyvilon
Fedhas
Gozag
Hepliaklqana
Kikubaaqudgha
Makhleb
Nemelex Xobeh
Okawaru
Qazlal
Ru
Sif Muna
Trog
Uskayaw
Vehumet
Wu Jian
Xom
Yredelemnul
Zin
The Shining One
Beogh

Shops:
D:9 (   Orc:2 :*[(   Vaults:1 :   Vaults:2 :   Vaults:3 !(=?   Depths:3 :
Depths:4 =:=

Portals:
Hell: Depths:1 Depths:2 Depths:3 Depths:4
Abyss: Depths:3*
Pandemonium: Depths:2
Ziggurat: Depths:3

Annotations:
Lair:4 exclusion: oklob plant
Swamp:3 1 runed translucent door, ssldvbfs's ghost, adept MiFi
Depths:3 2 transporters, exclusion: door, Xieb Yco's ghost, veteran DjFE


Innate Abilities, Weirdness & Mutations

You are a living statue of rough stone.
Your actions are slow, but your melee attacks are powerful.
You are resistant to unholy torment.
Your maximum health is greatly increased.
Your equipment is partially melded.
Your life essence is reduced to manifest your ancestor. (-10% HP)
You are immune to poison.
You have very sharp teeth.
Your uncanny sense of smell can sniff out nearby items.
Your experience applies equally to all skills.
You have large cloven feet.
((You are partially covered in iridescent scales. (AC +2)))
You are strong-willed. (Will+)


Message History

You puncture the Orb Guardian! Your kick misses the Orb Guardian.
Serugyic hits the Orb Guardian but does no damage.
The Orb Guardian misses you.
You puncture the Orb Guardian!
You kill the Orb Guardian!
What level of the Dungeon? (default 2, ? - help) You're already here!
A neqoxec comes into view.
The neqoxec moves out of view.
Aiming: Dig
Press: ? - help, Shift-Dir - straight line A rock wall.
This square is covered in magical glow.
The rock shatters into small pieces.
The neqoxec gestures at you. Something gnaws on your mind!
You feel your power leaking away.
Serugyic hits the neqoxec with a +0 broad axe of speed!!
Serugyic blocks the neqoxec's attack.
Serugyic closely misses the neqoxec.
Serugyic blocks the neqoxec's attack.
Serugyic hits the neqoxec with a +0 broad axe of speed.
A hellephant comes into view.
Serugyic blocks the neqoxec's attack.
Serugyic hits the neqoxec with a +0 broad axe of speed.
The neqoxec dies!
Aiming: Dig
Press: ? - help, Shift-Dir - straight line A rock wall.
This square is covered in magical glow.
The rock shatters into small pieces.
The hellephant blinks!
Blink to where?
Press: ? - help, Dir - move target
As you read the scroll of blinking {@r4}, it crumbles to dust.
The hellephant blinks!
There is an open door here.
There is a staircase leading out of the dungeon here.
The hellephant breathes flames at you. The blast of flame misses you.
You have escaped!

### #.###### ..# #......#
#.# #####.## #.## #.#
#..################## #.#
....................####.#
#...######...######.#....#
#...#....#...#....#.#.####
#...#..÷.#...#..I.#.#.#
##'##....##'##....#.#.#
#...###'##...###'##.#.#
'...'....'...'...#..#.#
#...######)####Y##..#.#
.....#..###.....#..##.#
.....#.......÷###.###.#
...#...##....###..###.######
#..#.#......#.##÷.....##...#


You could see a hellephant.

Vanquished Creatures
  An ancient lich (Zot:5)
  4 orbs of fire
  A dread lich (Vaults:5)
  2 golden dragons
  4 caustic shrikes (Depths:4)
  11 tentacled monstrosities
  15 Orb Guardians
  3 liches
  A deep elf blademaster (Depths:2)
  3 sphinxes
  A deep elf master archer (Elf:3)
  A titan (Vaults:5)
  3 death cobs
  3 shadow dragons
  5 storm dragons
  6 tengu reavers
  4 protean progenitors
  3 draconian monks (Depths:4)
  9 deep elf sorcerers
  A demonspawn warmonger (D:7)
  2 fire giants
  2 frost giants
  2 iron dragons
  A draconian scorcher (Zot:2)
  2 draconian knights (Depths:4)
  A draconian shifter (Zot:1)
  4 vault wardens
  An angel (Depths:2)
  A deep elf elementalist (Elf:3)
  5 ghost moths
  2 orc warlords
  14 ironbound preservers
  11 stone giants
  A formless jellyfish (Vaults:2)
  2 draconian annihilators
  A green draconian (Zot:4)
  4 ironbound thunderhulks
  2 black draconians
  A broodmother (Spider:3)
  6 very ugly things
  A deep elf demonologist (Elf:3)
  2 war gargoyles
  A deep elf death mage (Vaults:5)
  3 white draconians
  A dire elephant (Vaults:3)
  A purple draconian (Zot:3)
  2 eleionomae
  2 deep elf annihilators
  Azrael (Elf:2)
  2 yellow draconians (Zot:5)
  6 spark wasps
  4 red draconians
  A crystal guardian (Vaults:4)
  4 bunyips
  12 ettins
  8 fire dragons
  2 yaktaur captains
  4 deep elf high priests
  3 peacekeepers (Vaults:4)
  A spriggan zombie (Depths:1)
  A rakshasa (D:15)
  19 vault guards
  2 ice dragons
  8 hydras
  2 catoblepae
  4 ironbound frosthearts
  2 radroaches
  A spriggan air mage (Depths:4)
  2 ghost crabs
  A jorogumo (Spider:3)
  3 great orbs of eyes
  3 alligators
  5 centaur warriors
  2 two-headed ogres (D:11)
  16 dancing weapons
  7 boulder beetles
  A two-headed ogre (shapeshifter) (D:15)
  A death yak (Lair:4)
  Urug (D:11)
  6 demonic crawlers
  5 hell hogs
  3 tengu warriors
  A deep troll earth mage (D:15)
  An orc high priest (Vaults:3)
  Sonja (Orc:2)
  A hell knight (Vaults:4)
  2 spriggan berserkers
  2 soul eaters (Depths:3)
  5 deep elf knights
  A shadow wraith (Vaults:2)
  7 pharaoh ants
  23 deep trolls
  4 spriggan druids
  3 goliath frogs
  4 iron trolls
  4 orb spiders
  2 glowing orange brains
  A golden dragon zombie (Depths:1)
  4 arcanists
  4 steelbarb worms
  11 orc knights
  5 deep elf archers
  7 ironbound convokers
  13 deep elf pyromancers
  5 lindwurms
  7 ugly things
  3 necromancers
  2 phantasmal warriors
  6 deep elf zephyrmancers
  14 wolf spiders
  3 harpies
  4 manticores
  4 orc sorcerers
  A manticore (shapeshifter) (Vaults:5)
  A kobold blastminer (Orc:2)
  2 elephants
  A cyclops (D:14)
  A faun (Zot:1)
  3 meliai (Spider:2)
  6 moths of wrath
  10 vault sentinels
  A will-o-the-wisp (Swamp:2)
  A black mamba (Lair:5)
  18 slime creatures
  A water nymph (shapeshifter) (Depths:2)
  A black mamba (shapeshifter) (D:13)
  2 rime drakes (Lair:2)
  7 torpor snails
  A hellion (Zot:3)
  11 cane toads
  6 kobold demonologists
  A komodo dragon (D:8)
  An efreet (D:13)
  An unseen horror (D:10)
  16 yaktaurs
  3 freezing wraiths (IceCv)
  A tengu conjurer (Depths:2)
  5 ice devils (IceCv)
  2 red devils
  A spriggan skeleton (Depths:1)
  3 anaconda simulacra (IceCv)
  3 polar bears
  A queen bee (Lair:2)
  3 trolls
  2 hellwings (D:10)
  A polar bear (shapeshifter) (Vaults:4)
  7 hornets
  6 nameless horrors
  6 tyrant leeches
  Prince Ribbit (Lair:2)
  2 blink frogs (Lair:2)
  5 dream sheep
  12 tarantellas
  3 raiju
  A snapping turtle (shapeshifter) (Vaults:4)
  13 jumping spiders
  A shadow (D:10)
  5 air elementals
  50 yaks
  A wraith (D:12)
  12 culicivoras
  6 basilisks
  5 water elementals
  5 wyverns
  9 spriggans
  A dire elephant simulacrum (IceCv)
  A human (D:13)
  3 steam dragons
  7 vampire mosquitoes
  4 wargs (Lair:5)
  2 hogs (D:14)
  18 redbacks
  3 death yak simulacra (IceCv)
  A chaos spawn (D:10)
  7 swamp worms
  3 acid dragons
  10 water moccasins
  8 hell hounds (Lair:5)
  A hydra simulacrum (IceCv)
  A moth of wrath simulacrum (Zot:4)
  2 swamp drakes
  2 sky beasts (D:6)
  An ice beast (D:6)
  13 black bears
  26 orc warriors
  10 boggarts
  3 centaurs
  14 wolves
  5 ogres
  A phantom (D:6)
  13 kobold brigands
  9 bullfrogs
  6 gnoll sergeants
  A human simulacrum (Depths:1)
  An earth elemental (Elf:2)
  3 cane toad simulacra (IceCv)
  A scorpion (D:4)
  4 wights
  2 elephant simulacra (IceCv)
  21 killer bees (Lair:2)
  3 electric eels (Lair:2)
  2 bombardier beetles
  3 lava snakes
  2 quasits (D:10)
  A jelly (D:6)
  12 orc priests
  A gnoll bouda (D:9)
  4 hounds
  Crazy Yiuf (D:7)
  3 iguanas
  A sleepcap (D:4)
  20 orc wizards
  A troll simulacrum (IceCv)
  2 polar bear simulacra (IceCv)
  5 hell rats (Lair:2)
  2 spriggan simulacra (IceCv)
  A wolf simulacrum (IceCv)
  31 gnolls
  4 adders
  A naga simulacrum (IceCv)
  2 white imps
  5 ufetubi
  2 dart slugs
  4 ribbon worms
  57 orcs
  4 bats
  An endoplasm (D:2)
  5 giant cockroaches
  6 hobgoblins
  6 jackals
  30 kobolds
  5 quokkas
  5 ball pythons
  4 frilled lizards
  6 goblins
  7 rats
1181 creatures vanquished.

Vanquished Creatures (collateral kills)
  2 ancient liches
  8 orbs of fire (Zot:5)
  Mara (Vaults:3)
  Bai Suzhen (Depths:2)
  Josephina (Zot:4)
  3 Killer Klowns
  Margery (Vaults:4)
  4 caustic shrikes
  4 golden dragons
  Nikola (Depths:1)
  3 hellephants
  Arachne (Spider:3)
  2 electric golems (Zot:5)
  4 liches
  11 Orb Guardians (Zot:5)
  5 tentacled monstrosities
  2 titans (Vaults:5)
  2 deep elf master archers (Elf:3)
  A death cob (Zot:3)
  A sphinx (Vaults:3)
  4 quicksilver dragons
  4 deep elf blademasters
  A thorn hunter (Swamp:3)
  Kirke (D:14)
  2 shadow dragons (Vaults:5)
  6 storm dragons
  Donald (Elf:3)
  5 tengu reavers
  6 draconian monks
  A fenstrider witch (Swamp:2)
  2 protean progenitors
  7 fire giants
  2 iron dragons (Depths:4)
  A draconian knight (Zot:3)
  2 frost giants
  2 draconian shifters (Zot:5)
  7 ghost moths
  2 deep elf sorcerers (Elf:3)
  2 emperor scorpions (Spider:4)
  7 vault wardens
  3 orc warlords
  3 deep elf elementalists (Elf:3)
  A reaper (D:6)
  12 ironbound preservers
  A draconian stormcaller (Zot:5)
  9 very ugly things
  3 broodmothers
  2 draconian annihilators
  3 ironbound thunderhulks
  3 formless jellyfish
  7 stone giants
  2 eleionomae
  2 deep elf demonologists (Elf:3)
  5 dire elephants
  2 green draconians (Zot:3)
  7 deep elf death magi
  2 black draconians
  3 purple draconians
  3 yellow draconians (Zot:3)
  2 war gargoyles (Vaults:4)
  2 bunyips (Swamp:1)
  3 spark wasps
  6 red draconians
  A white draconian (Zot:3)
  5 deep elf annihilators
  A blizzard demon (Depths:4)
  A crystal guardian (Vaults:4)
  9 ettins
  3 fire dragons
  9 yaktaur captains
  A shambling mangrove (Swamp:1)
  2 entropy weavers (Spider:3)
  4 deep elf high priests
  3 rakshasas
  A peacekeeper (Vaults:4)
  3 ice dragons
  12 vault guards
  2 great orbs of eyes (Vaults:2)
  10 hydras
  6 ironbound frosthearts
  2 ogre magi (Vaults:5)
  A spriggan air mage (Depths:2)
  Erica (D:10)
  3 alligators
  A ghost crab (Swamp:2)
  12 dancing weapons (Elf:2)
  4 boulder beetles
  2 jorogumos
  2 tengu warriors
  6 centaur warriors
  A radroach (Spider:4)
  A deep troll earth mage (Depths:4)
  A death yak (Lair:4)
  3 deep troll shamans (Depths:4)
  4 hell hogs (Depths:3)
  4 orc high priests
  4 soul eaters
  2 demonic crawlers (Spider:4)
  A sun demon (Depths:2)
  7 spriggan berserkers
  A hell knight (Vaults:4)
  10 deep elf knights (Elf:2)
  A skeletal warrior (Vaults:2)
  An iron troll (D:15)
  2 goliath frogs
  4 pharaoh ants
  2 skysharks (Lair:5)
  Lodul (D:13)
  2 spriggan druids (Swamp:4)
  A flayed ghost (Depths:3)
  9 swamp dragons
  A mana viper (shapeshifter) (Vaults:5)
  10 orb spiders
  29 deep trolls
  A quicksilver dragon simulacrum (Zot:4)
  4 deep elf archers
  2 sun moths
  A glowing orange brain (Depths:3)
  An arcanist (Vaults:4)
  2 bog bodies
  6 lindwurms
  12 ironbound convokers
  12 deep elf zephyrmancers
  4 necromancers
  4 phantasmal warriors (Vaults:5)
  5 harpies
  11 orc knights
  2 orc sorcerers
  15 deep elf pyromancers
  3 steelbarb worms
  19 ugly things
  A shadow dragon skeleton (Vaults:5)
  3 manticores (Zot:2)
  17 wolf spiders
  A fire giant zombie (Vaults:5)
  5 moths of wrath
  6 elephants
  A faun (Zot:2)
  3 kobold blastminers
  9 vault sentinels
  A cyclops (D:13)
  2 meliai (Spider:4)
  A black mamba (Lair:2)
  2 water nymphs (Swamp:2)
  2 gargoyles
  7 torpor snails
  7 cane toads
  A cane toad (shapeshifter) (D:14)
  3 eyes of devastation (Zot:5)
  4 rime drakes
  2 freezing wraiths (IceCv)
  14 yaktaurs
  An unseen horror (D:12)
  5 ice devils (IceCv)
  A storm dragon simulacrum (Vaults:5)
  A kobold demonologist (D:10)
  A tormentor (D:4)
  3 tengu conjurers
  5 trolls
  4 tyrant leeches
  7 polar bears (Lair:5)
  12 tarantellas
  A blink frog (Lair:2)
  13 hornets
  5 dream sheep
  A snapping turtle (shapeshifter) (Vaults:5)
  Sigmund (D:5)
  3 air elementals
  16 jumping spiders
  9 slime creatures
  17 culicivoras
  A dire elephant simulacrum (IceCv)
  6 wyverns
  4 spriggans
  2 wraiths
  4 basilisks
  21 yaks
  A nameless horror (D:13)
  A hog (D:14)
  2 fire elementals (Elf:2)
  28 redbacks
  2 wargs (Lair:5)
  A neqoxec (D:1)
  A vampire mosquito (D:12)
  A chaos spawn (D:10)
  5 swamp worms
  A swamp worm (shapeshifter) (Vaults:5)
  A hydra simulacrum (IceCv)
  7 hell hounds
  2 water moccasins
  2 moth of wrath simulacra (Zot:4)
  An ettin simulacrum (Vaults:5)
  7 swamp drakes
  A laughing skull (Vaults:2)
  7 black bears
  11 ogres
  17 orc warriors
  4 boggarts
  10 wolves
  3 centaurs
  3 kobold brigands
  3 bullfrogs
  2 earth elementals
  2 cane toad simulacra (IceCv)
  2 wights
  2 elephant simulacra (IceCv)
  11 killer bees (Lair:2)
  An electric eel (Spider:1)
  A hound (D:9)
  A gnoll bouda (D:9)
  8 orc priests
  An iguana (D:5)
  10 orc wizards
  2 polar bear simulacra (IceCv)
  A hell rat (Lair:2)
  3 wolf simulacra (IceCv)
  11 gnolls
  A white imp (IceCv)
  2 ufetubi
  40 orcs
  4 jackals (D:9)
  7 kobolds
  An aspiring flesh (Zot:2)
993 creatures vanquished.

Vanquished Creatures (others)
  8 eldritch tentacles
  A draconian knight (Depths:4)
  A ghost moth (Spider:4)
  A draconian stormcaller (Zot:2)
  2 yaktaur captains
  2 deep elf knights
  A deep troll (Depths:1)
  A deep elf zephyrmancer (Elf:1)
  A storm dragon simulacrum (Zot:4)
  A bloated husk (Swamp:3)
  A fire elemental (Elf:2)
  A water elemental (Elf:1)
  A human (D:14)
  44 knights
  A hobgoblin (D:3)
  2 foxfires (Swamp:2)
  19 snaplasher vines
88 creatures vanquished.

Grand Total: 2262 creatures vanquished

Notes
Turn   | Place    | Note
-------+----------+-------------------------------------------
     0 | D:1      | momomo the Gnoll Monk began the quest for the Orb.
     0 | D:1      | Reached XP level 1. HP: 23/23 MP: 1/1
    74 | D:1      | Reached XP level 2. HP: 27/29 MP: 2/2
   264 | D:1      | Found a faded altar of an unknown god.
   343 | D:1      | Reached XP level 3. HP: 20/35 MP: 3/3
   626 | D:1      | Reached skill level 1 in Invocations
   906 | D:1      | Reached skill level 1 in Short Blades
   906 | D:1      | Reached skill level 1 in Axes
   906 | D:1      | Reached skill level 1 in Maces & Flails
   906 | D:1      | Reached skill level 1 in Polearms
   906 | D:1      | Reached skill level 1 in Staves
   906 | D:1      | Reached skill level 1 in Ranged Weapons
   906 | D:1      | Reached skill level 1 in Throwing
   906 | D:1      | Reached skill level 1 in Armour
   906 | D:1      | Reached skill level 1 in Stealth
   906 | D:1      | Reached skill level 1 in Shields
   906 | D:1      | Reached skill level 1 in Unarmed Combat
   906 | D:1      | Reached skill level 1 in Spellcasting
   906 | D:1      | Reached skill level 1 in Evocations
  1055 | D:1      | Learned a level 2 spell: Ensorcelled Hibernation
  1094 | D:2      | Reached skill level 1 in Shapeshifting
  1094 | D:2      | Reached XP level 4. HP: 29/41 MP: 5/5
  1260 | D:2      | Identified the +1 leather armour of the Other World {rF+
                  | SInv}
  1457 | D:2      | Reached skill level 1 in Conjurations
  1457 | D:2      | Reached skill level 1 in Hexes
  1457 | D:2      | Reached skill level 1 in Summonings
  1457 | D:2      | Reached skill level 1 in Necromancy
  1457 | D:2      | Reached skill level 1 in Translocations
  1457 | D:2      | Reached skill level 1 in Fire Magic
  1457 | D:2      | Reached skill level 1 in Ice Magic
  1457 | D:2      | Reached skill level 1 in Air Magic
  1457 | D:2      | Reached skill level 1 in Earth Magic
  1457 | D:2      | Reached skill level 1 in Alchemy
  1917 | D:3      | Reached XP level 5. HP: 47/47 MP: 5/7
  1961 | D:3      | Reached XP level 6. HP: 39/53 MP: 8/8
  2051 | D:3      | Learned a level 3 spell: Call Canine Familiar
  2055 | D:3      | Learned a level 3 spell: Swiftness
  2195 | D:3      | Learned a level 1 spell: Sandblast
  2714 | D:4      | Reached XP level 7. HP: 58/60 MP: 10/10
  3085 | D:5      | Entered Level 5 of the Dungeon
  3222 | D:5      | Noticed a steam dragon
  3236 | D:5      | Killed a steam dragon
  3686 | D:5      | Reached XP level 8. HP: 42/67 MP: 4/12
  3800 | D:5      | Noticed Sigmund
  3821 | D:5      | Killed Sigmund
  4234 | D:5      | Found an ornate altar of the Wu Jian Council.
  4479 | D:5      | Learned a level 3 spell: Frozen Ramparts
  4842 | D:6      | Reached XP level 9. HP: 71/73 MP: 10/14
  6212 | D:6      | Learned a level 3 spell: Ozocubu's Armour
  6262 | D:7      | Found a flagged portal.
  6406 | D:7      | Found a staircase to the Ecumenical Temple.
  6413 | Temple   | Entered the Ecumenical Temple
  6472 | D:7      | Reached skill level 5 in Invocations
  6512 | Bailey   | Entered a bailey
  7178 | D:7      | Found a runed translucent door.
  7179 | D:7      | Noticed Crazy Yiuf
  7383 | D:7      | Paralysed by Crazy Yiuf for 1 turns
  7384 | D:7      | Killed Crazy Yiuf
  7540 | D:8      | Found a bloodstained altar of Trog.
  7856 | D:8      | Reached skill level 5 in Short Blades
  7856 | D:8      | Reached skill level 5 in Axes
  7856 | D:8      | Reached skill level 5 in Maces & Flails
  7856 | D:8      | Reached skill level 5 in Polearms
  7856 | D:8      | Reached skill level 5 in Staves
  7856 | D:8      | Reached skill level 5 in Ranged Weapons
  7856 | D:8      | Reached skill level 5 in Throwing
  7856 | D:8      | Reached skill level 5 in Armour
  7856 | D:8      | Reached skill level 5 in Stealth
  7856 | D:8      | Reached skill level 5 in Shields
  7856 | D:8      | Reached skill level 5 in Unarmed Combat
  7856 | D:8      | Reached skill level 5 in Spellcasting
  7856 | D:8      | Reached skill level 5 in Evocations
  7856 | D:8      | Reached XP level 10. HP: 81/81 MP: 7/17
  8069 | D:8      | Found a shimmering altar of Xom.
  8232 | D:8      | Found a stormy altar of Qazlal.
  8287 | D:8      | Found a blossoming altar of Fedhas.
  8477 | D:8      | Found a staircase to the Lair.
  9090 | D:8      | Identified a scroll of acquirement
  9094 | D:8      | Acquired the amulet "Kubratz" {Spirit Will+}
  9150 | D:9      | Noticed a kobold demonologist
  9580 | D:9      | Noticed a kobold demonologist
  9594 | D:8      | Killed a kobold demonologist
  9661 | D:8      | Reached skill level 5 in Shapeshifting
  9895 | D:8      | Killed a kobold demonologist
 10139 | D:9      | Found a glowing golden altar of the Shining One.
 10142 | D:9      | Found a hazy altar of Hepliaklqana.
 10150 | D:9      | Became a worshipper of Hepliaklqana the Forgotten
 10150 | D:9      | Reached * piety under Hepliaklqana
 10150 | D:9      | Reached ** piety under Hepliaklqana
 10151 | D:9      | Remembered your ancestor Serugyic as a knight
 10156 | D:9      | Found a basalt altar of Yredelemnul.
 10721 | D:9      | Found Jigrif's Antique Weapon Shoppe.
 10744 | D:9      | Bought an ichor-stained trident for 229 gold pieces
 10744 | D:9      | Identified the +8 trident of Animal Spirits {holy, rC+
                  | Dex+2} (You bought it in a shop on level 9 of the Dungeon)
 10901 | D:9      | Learned a level 5 spell: Irradiate
 10902 | D:10     | Entered Level 10 of the Dungeon
 10908 | D:10     | Reached skill level 5 in Conjurations
 10908 | D:10     | Reached skill level 5 in Hexes
 10908 | D:10     | Reached skill level 5 in Summonings
 10908 | D:10     | Reached skill level 5 in Necromancy
 10908 | D:10     | Reached skill level 5 in Translocations
 10908 | D:10     | Reached skill level 5 in Fire Magic
 10908 | D:10     | Reached skill level 5 in Ice Magic
 10908 | D:10     | Reached skill level 5 in Air Magic
 10908 | D:10     | Reached skill level 5 in Earth Magic
 10908 | D:10     | Reached skill level 5 in Alchemy
 10925 | D:10     | Noticed a kobold demonologist
 10969 | D:10     | Reached XP level 11. HP: 79/80 MP: 18/20
 10998 | D:10     | Noticed a soul eater
 11252 | D:10     | Found a shimmering blue altar of Sif Muna.
 11459 | D:10     | Killed a soul eater
 11516 | D:10     | Found a staircase to the Orcish Mines.
 11589 | D:10     | Noticed Erica
 11602 | D:10     | Killed Erica
 11965 | D:10     | Noticed a soul eater
 12000 | D:10     | Killed a soul eater
 12579 | D:11     | Reached *** piety under Hepliaklqana
 12699 | D:11     | Noticed a two-headed ogre
 12707 | D:11     | Killed a two-headed ogre
 12708 | D:11     | Reached XP level 12. HP: 87/87 MP: 19/22
 12770 | D:11     | Noticed a two-headed ogre
 12777 | D:11     | Killed a two-headed ogre
 12865 | D:11     | Identified the ring "Huepream" {rElec MP+9}
 13341 | D:11     | Noticed Urug
 13346 | D:11     | Killed Urug
 13347 | D:11     | Reached skill level 10 in Fighting
 13347 | D:11     | Reached skill level 10 in Long Blades
 13347 | D:11     | Reached skill level 10 in Dodging
 13601 | Lair:1   | Entered Level 1 of the Lair of Beasts
 13986 | Lair:1   | Noticed a catoblepas
 13997 | Lair:1   | Killed a catoblepas
 14997 | Lair:1   | Reached **** piety under Hepliaklqana
 15259 | Lair:1   | Learned a level 5 spell: Summon Mana Viper
 15315 | Lair:2   | Reached XP level 13. HP: 84/91 MP: 22/25
 15546 | Lair:2   | Identified the +0 robe of the Goldsmith {Will+ Archmagi}
 17080 | Lair:2   | Noticed Prince Ribbit
 17106 | Lair:2   | Killed Prince Ribbit
 17423 | Lair:2   | Learned a level 3 spell: Summon Ice Beast
 17540 | Lair:3   | Found a frozen archway.
 17606 | IceCv    | Entered an ice cave
 19458 | IceCv    | Found an ancient bone altar of Kikubaaqudgha.
 19512 | IceCv    | Reached XP level 14. HP: 101/101 MP: 27/27
 19520 | IceCv    | Reached skill level 10 in Invocations
 20237 | Lair:3   | Found a hole to the Spider Nest.
 20406 | Lair:3   | Found a staircase to the Swamp.
 20585 | Lair:3   | Learned a level 5 spell: Borgnjor's Vile Clutch
 20640 | Lair:4   | Found a staircase to the Slime Pits.
 21400 | Lair:5   | Entered Level 5 of the Lair of Beasts
 22669 | Lair:5   | Reached ***** piety under Hepliaklqana
 22831 | Lair:5   | Reached skill level 10 in Short Blades
 22831 | Lair:5   | Reached skill level 10 in Axes
 22831 | Lair:5   | Reached skill level 10 in Maces & Flails
 22831 | Lair:5   | Reached skill level 10 in Polearms
 22831 | Lair:5   | Reached skill level 10 in Staves
 22831 | Lair:5   | Reached skill level 10 in Ranged Weapons
 22831 | Lair:5   | Reached skill level 10 in Throwing
 22831 | Lair:5   | Reached skill level 10 in Armour
 22831 | Lair:5   | Reached skill level 10 in Stealth
 22831 | Lair:5   | Reached skill level 10 in Shields
 22831 | Lair:5   | Reached skill level 10 in Unarmed Combat
 22831 | Lair:5   | Reached skill level 10 in Spellcasting
 22831 | Lair:5   | Reached skill level 10 in Evocations
 23159 | Lair:5   | Reached XP level 15. HP: 107/108 MP: 22/29
 23902 | Lair:5   | Paralysed by a hornet for 3 turns
 26704 | D:13     | Noticed Lodul
 26715 | D:13     | Killed Lodul
 27720 | D:13     | Found a gate to the Vaults.
 27852 | D:14     | Identified the +5 ring mail of the Arena {rPois}
 28127 | D:14     | Noticed Kirke
 28141 | D:14     | Killed Kirke
 28151 | D:14     | Found a hide-covered altar of Uskayaw.
 28921 | D:15     | Entered Level 15 of the Dungeon
 28952 | D:15     | Reached skill level 10 in Shapeshifting
 29348 | D:15     | Reached XP level 16. HP: 108/116 MP: 30/30
 29727 | D:15     | Found a staircase to the Depths.
 30339 | D:15     | Found an iron altar of Okawaru.
 30468 | Orc:1    | Entered Level 1 of the Orcish Mines
 30672 | Orc:2    | Entered Level 2 of the Orcish Mines
 30747 | Orc:2    | Noticed Sonja
 30748 | Orc:2    | Killed Sonja
 31360 | Orc:1    | Found a roughly hewn altar of Beogh.
 31848 | Orc:2    | Found a staircase to the Elven Halls.
 32392 | Orc:2    | Found Tureqem's General Store.
 32392 | Orc:2    | Found Qodixeifou's Book Emporium.
 32393 | Orc:2    | Found Daxed's Antique Armour Emporium.
 32393 | Orc:2    | Found Hoti's Antique Weapon Shoppe.
 32672 | Orc:2    | Bought a pair of glowing boots for 262 gold pieces
 32672 | Orc:2    | Bought a pair of glowing gloves for 262 gold pieces
 32672 | Orc:2    | Bought a glowing helmet for 262 gold pieces
 32685 | Orc:2    | Bought a glowing demon blade for 558 gold pieces
 32685 | Orc:2    | Bought a triple crossbow for 310 gold pieces
 32685 | Orc:2    | Bought a glowing double sword for 558 gold pieces
 32685 | Orc:2    | Bought a dazzling spear for 248 gold pieces
 32685 | Orc:2    | Identified the +4 spear of Kismet {antimagic, Fly Dex+5
                  | Stlth-} (You bought it in a shop on level 2 of the Orcish
                  | Mines)
 32709 | Orc:2    | Bought a phantom mirror for 560 gold pieces
 32903 | Swamp:1  | Entered Level 1 of the Swamp
 33826 | Swamp:1  | Reached ****** piety under Hepliaklqana
 34027 | Swamp:1  | Identified the +0 scale mail of Uqotous {Will+ Stlth+}
 34676 | Swamp:2  | Identified the blade talisman of the Iron City of Dis
                  | {rElec rF+ rCorr}
 34701 | Swamp:2  | Reached XP level 17. HP: 95/123 MP: 26/32
 35375 | Swamp:3  | Reached skill level 10 in Conjurations
 35375 | Swamp:3  | Reached skill level 10 in Hexes
 35375 | Swamp:3  | Reached skill level 10 in Summonings
 35375 | Swamp:3  | Reached skill level 10 in Necromancy
 35375 | Swamp:3  | Reached skill level 10 in Translocations
 35375 | Swamp:3  | Reached skill level 10 in Fire Magic
 35375 | Swamp:3  | Reached skill level 10 in Ice Magic
 35375 | Swamp:3  | Reached skill level 10 in Air Magic
 35375 | Swamp:3  | Reached skill level 10 in Earth Magic
 35375 | Swamp:3  | Reached skill level 10 in Alchemy
 35890 | Swamp:3  | Found a runed translucent door.
 35890 | Swamp:3  | Found a shimmering altar of Xom.
 35890 | Swamp:3  | Noticed ssldvbfs's ghost (adept MiFi)
 35890 | Swamp:3  | Identified the +7 battleaxe of the Kidney {chaos, ^Drain
                  | Will++ rCorr Str+2}
 36147 | Swamp:4  | Entered Level 4 of the Swamp
 37093 | Swamp:4  | Got a decaying rune of Zot
 37581 | Spider:1 | Entered Level 1 of the Spider Nest
 38994 | Spider:2 | Reached XP level 18. HP: 95/130 MP: 21/34
 40557 | Spider:2 | Learned a level 5 spell: Summon Forest
 42408 | Spider:4 | Entered Level 4 of the Spider Nest
 42408 | Spider:4 | Noticed Arachne
 42467 | Spider:3 | Killed Arachne
 43858 | Spider:4 | Reached XP level 19. HP: 125/137 MP: 33/36
 44280 | Spider:4 | Found the +2 pair of slick slippers {slick, slippery, EV+4}
 44488 | Spider:4 | Got a gossamer rune of Zot
 44846 | Spider:4 | Learned a level 6 spell: Death Channel
 45127 | Elf:1    | Entered Level 1 of the Elven Halls
 46090 | Elf:1    | Paralysed by an air elemental for 1 turns
 46267 | Elf:2    | Identified the maw talisman of Kagin {+Blink}
 46422 | Elf:2    | Reached skill level 15 in Fighting
 46422 | Elf:2    | Reached skill level 15 in Long Blades
 46422 | Elf:2    | Reached skill level 15 in Dodging
 47300 | Elf:2    | Found a runed translucent gate.
 47301 | Elf:2    | Found a runed translucent gate.
 47301 | Elf:2    | Found a runed translucent gate.
 47347 | Elf:3    | Entered Level 3 of the Elven Halls
 47374 | Elf:3    | Reached skill level 15 in Invocations
 47588 | Elf:3    | Paralysed by an air elemental for 1 turns
 48386 | Elf:3    | Reached XP level 20. HP: 145/145 MP: 37/37
 48516 | Elf:3    | Noticed a Brimstone Fiend
 48927 | Elf:3    | Identified the +8 morningstar of the Living God {heavy, rF+
                  | rC+ Will+}
 49141 | Elf:3    | Identified the +0 chain mail of Kimebb {^Contam rF- Regen+
                  | SInv}
 49653 | Elf:3    | Identified the +2 kite shield of the Charming Gods {Harm
                  | Str+3}
 49653 | Elf:3    | Noticed Donald
 49661 | Elf:3    | Killed Donald
 49664 | Elf:3    | Identified the +9 plate armour "Finwaes" {Int+2 Slay+3}
 49924 | Elf:3    | Got Tyewoxt's Notes on the Fettered Ossuary
 50660 | Elf:2    | Noticed Azrael
 50671 | Elf:2    | Killed Azrael
 51794 | Vaults:1 | Entered Level 1 of the Vaults
 52104 | Vaults:1 | Found Vood's Book Shop.
 53067 | Vaults:2 | Reached skill level 15 in Armour
 53078 | Vaults:2 | Reached XP level 21. HP: 128/153 MP: 31/39
 53730 | Vaults:2 | Found a staircase to the Crypt.
 54285 | Vaults:2 | Paralysed by a formless jellyfish for 1 turns
 54367 | Vaults:2 | Found Sotanlan's Book Emporium.
 54573 | Vaults:2 | Paralysed by a formless jellyfish for 1 turns
 54914 | Vaults:3 | Found a flickering gateway to a bazaar.
 54925 | Bazaar   | Entered a bazaar
 54929 | Bazaar   | Found Dauxuam's Distillery.
 54935 | Bazaar   | Bought a potion of resistance for 160 gold pieces
 54935 | Bazaar   | Bought a potion of mutation for 128 gold pieces
 54935 | Bazaar   | Bought a potion of curing for 48 gold pieces
 54935 | Bazaar   | Bought a potion of mutation for 128 gold pieces
 54935 | Bazaar   | Bought a potion of lignification for 48 gold pieces
 54951 | Bazaar   | Found Welitihaucs's Jewellery Emporium.
 54964 | Bazaar   | Found Koxag's Book Boutique.
 54972 | Bazaar   | Bought a manual of Ranged Weapons for 720 gold pieces
 54984 | Bazaar   | Found Ovat's General Store.
 55079 | Vaults:3 | Found Bozy's Jewellery Emporium.
 55104 | Vaults:3 | Reached skill level 15 in Ranged Weapons
 55152 | Vaults:3 | Found Ofinunits's Magic Scroll Emporium.
 55157 | Vaults:3 | Bought a scroll of acquirement for 988 gold pieces
 55157 | Vaults:3 | Acquired 833 gold pieces
 55487 | Vaults:3 | Reached skill level 15 in Short Blades
 55487 | Vaults:3 | Reached skill level 15 in Axes
 55487 | Vaults:3 | Reached skill level 15 in Maces & Flails
 55487 | Vaults:3 | Reached skill level 15 in Polearms
 55487 | Vaults:3 | Reached skill level 15 in Staves
 55487 | Vaults:3 | Reached skill level 15 in Throwing
 55487 | Vaults:3 | Reached skill level 15 in Stealth
 55487 | Vaults:3 | Reached skill level 15 in Shields
 55487 | Vaults:3 | Reached skill level 15 in Unarmed Combat
 55487 | Vaults:3 | Reached skill level 15 in Spellcasting
 55487 | Vaults:3 | Reached skill level 15 in Evocations
 55507 | Vaults:3 | Found Fam Syi's Weapon Shoppe.
 56088 | Vaults:3 | Noticed Mara
 56159 | Vaults:3 | Killed Mara
 56565 | Vaults:3 | Found Jemoy's Distillery.
 56570 | Vaults:3 | Bought 2 potions of heal wounds for 220 gold pieces
 56570 | Vaults:3 | Bought 2 potions of haste for 440 gold pieces
 56570 | Vaults:3 | Bought a potion of heal wounds for 110 gold pieces
 56570 | Vaults:3 | Bought a potion of heal wounds for 110 gold pieces
 56960 | Vaults:3 | Reached XP level 22. HP: 160/161 MP: 41/41
 57074 | Vaults:3 | Learned a level 1 spell: Apportation
 57078 | Vaults:3 | Learned a level 3 spell: Passwall
 57275 | Depths:1 | Entered Level 1 of the Depths
 57757 | Depths:1 | Noticed Nikola
 57981 | Depths:1 | Killed Nikola
 58229 | Depths:1 | Acquired 757 gold pieces
 58258 | Depths:1 | Found a gateway to Hell.
 58354 | Depths:1 | Found a glowing golden altar of the Shining One.
 58673 | Depths:2 | Found a one-way gate leading to the halls of Pandemonium.
 58852 | Depths:2 | Identified the dragon-blood talisman of Watchfulness {rElec
                  | Int+2}
 58852 | Depths:2 | Noticed Bai Suzhen
 58869 | Depths:2 | Killed Bai Suzhen
 59355 | Depths:2 | Identified the ring "Nysha" {rF- rC++ Dex+4 SInv}
 59683 | Depths:2 | Identified the +1 sling of Efucek {drain, rElec Str+3}
 60236 | Depths:2 | Found a bloodstained altar of Trog.
 60728 | Depths:3 | Found a one-way gate to the infinite horrors of the Abyss.
 60730 | Depths:3 | Noticed Xieb Yco's ghost (veteran DjFE)
 60732 | Depths:3 | Found a transporter.
 61035 | Depths:3 | Found a one-way gateway to a ziggurat.
 61053 | Depths:3 | Found a transporter.
 61159 | Depths:3 | Noticed a profane servitor
 61397 | Depths:3 | Found Eteth's Book Emporium.
 61559 | Depths:3 | Found a radiant altar of Vehumet.
 62104 | Depths:3 | Reached XP level 23. HP: 168/168 MP: 42/42
 62345 | Depths:4 | Entered Level 4 of the Depths
 62430 | Depths:4 | Found Enefea's Book Emporium.
 62431 | Depths:4 | Found Wuustakk's Jewellery Shop.
 62431 | Depths:4 | Found Bakerail's Jewellery Shop.
 62437 | Depths:4 | Bought a granite talisman for 1140 gold pieces
 62515 | Depths:4 | Noticed a caustic shrike
 62515 | Depths:4 | Noticed a caustic shrike
 62696 | Depths:4 | Noticed a caustic shrike
 62698 | Depths:4 | Noticed a caustic shrike
 62698 | Depths:4 | Noticed a caustic shrike
 62703 | Depths:4 | Killed a caustic shrike
 62703 | Depths:4 | Killed a caustic shrike
 62703 | Depths:4 | Killed a caustic shrike
 62704 | Depths:4 | Killed a caustic shrike
 62709 | Depths:4 | Killed a caustic shrike
 62803 | Depths:4 | Noticed a caustic shrike
 62822 | Depths:4 | Noticed a caustic shrike
 62822 | Depths:4 | Noticed a golden dragon
 62823 | Depths:4 | Noticed a caustic shrike
 62830 | Depths:3 | Killed a caustic shrike
 62836 | Depths:3 | Killed a golden dragon
 62938 | Depths:4 | Killed a caustic shrike
 62941 | Depths:4 | Killed a caustic shrike
 63435 | Depths:4 | Reached skill level 15 in Shapeshifting
 63950 | Depths:4 | Found a gate to the Realm of Zot.
 64011 | Depths:4 | Found a faded altar of an unknown god.
 64491 | Depths:4 | Learned a level 4 spell: Passage of Golubria
 64499 | Depths:4 | Learned a level 7 spell: Spellforged Servitor
 64844 | Elf:1    | Learned a level 6 spell: Bombard
 65125 | Vaults:3 | Bought a scroll of enchant weapon for 142 gold pieces
 65125 | Vaults:3 | Bought a scroll of fear for 76 gold pieces
 65208 | Vaults:3 | Bought a potion of mutation for 176 gold pieces
 65208 | Vaults:3 | Bought a potion of might for 88 gold pieces
 65503 | Vaults:4 | Noticed Margery
 65590 | Vaults:4 | Killed Margery
 65595 | Vaults:4 | Reached XP level 24. HP: 177/177 MP: 43/43
 66748 | Vaults:5 | Entered Level 5 of the Vaults
 67422 | Vaults:5 | Noticed an ancient lich
 67434 | Vaults:5 | Killed an ancient lich
 67611 | Vaults:5 | Found the +10 Black Knight's barding {ponderous, rPois rN+}
 67623 | Vaults:5 | Identified the staff of Objectivity {Int+3 Conj}
 68026 | Vaults:5 | Noticed a dread lich
 68090 | Vaults:5 | Reached XP level 25. HP: 183/183 MP: 35/44
 68176 | Vaults:5 | Got a silver rune of Zot
 68219 | Vaults:5 | Killed a dread lich
 68272 | Vaults:5 | Identified the +0 war axe of Ekighu {protect, Str+2 Dex+4}
 69065 | Vaults:3 | Bought the ring "Laecweal" {Fly rF+ Str+3 Slay+2} for 877
                  | gold pieces
 69319 | Depths:4 | Bought the ring of Bedeqiucw {Will+ rCorr Dex+2} for 710
                  | gold pieces
 69578 | Orc:2    | Bought a scroll of revelation for 105 gold pieces
 69578 | Orc:2    | Bought a potion of brilliance for 56 gold pieces
 70030 | Vaults:1 | Bought a Grand Grimoire for 578 gold pieces
 70038 | Vaults:1 | Learned a level 7 spell: Malign Gateway
 70473 | Zot:1    | Entered Level 1 of the Realm of Zot
 71151 | Zot:3    | Reached skill level 15 in Conjurations
 71151 | Zot:3    | Reached skill level 15 in Hexes
 71151 | Zot:3    | Reached skill level 15 in Summonings
 71151 | Zot:3    | Reached skill level 15 in Necromancy
 71151 | Zot:3    | Reached skill level 15 in Translocations
 71151 | Zot:3    | Reached skill level 15 in Fire Magic
 71151 | Zot:3    | Reached skill level 15 in Ice Magic
 71151 | Zot:3    | Reached skill level 15 in Air Magic
 71151 | Zot:3    | Reached skill level 15 in Earth Magic
 71151 | Zot:3    | Reached skill level 15 in Alchemy
 71173 | Zot:3    | Noticed an orb of fire
 71175 | Zot:3    | Gained mutation: You sometimes lose your temper in combat.
                  | [an orb of fire]
 71274 | Zot:2    | Found an opulent altar of Gozag.
 72082 | Zot:3    | Found a radiant altar of Vehumet.
 72181 | Zot:3    | Killed an orb of fire
 72372 | Zot:4    | Identified the ring of Freedom {Ice Str+2}
 72372 | Zot:4    | Noticed Josephina
 72381 | Zot:4    | Killed Josephina
 72383 | Zot:4    | Noticed a Killer Klown
 72386 | Zot:4    | Killed a Killer Klown
 72467 | Zot:5    | Entered Level 5 of the Realm of Zot
 72948 | Zot:5    | Learned a level 5 spell: Yara's Violent Unravelling
 73119 | Zot:5    | Noticed an ancient lich
 73134 | Zot:5    | Killed an ancient lich
 73135 | Zot:5    | Reached XP level 26. HP: 191/191 MP: 33/44
 73170 | Zot:5    | Noticed an orb of fire
 73175 | Zot:5    | Killed an orb of fire
 73206 | Zot:5    | Noticed a Killer Klown
 73211 | Zot:5    | Killed a Killer Klown
 73331 | Zot:5    | Noticed an orb of fire
 73340 | Zot:5    | Killed an orb of fire
 73533 | Zot:5    | Noticed an orb of fire
 73543 | Zot:5    | Killed an orb of fire
 74022 | Zot:5    | Noticed an orb of fire
 74022 | Zot:5    | Noticed an orb of fire
 74039 | Zot:5    | Killed an orb of fire
 74046 | Zot:5    | Killed an orb of fire
 74046 | Zot:5    | Noticed an orb of fire
 74050 | Zot:5    | Killed an orb of fire
 74230 | Zot:5    | Noticed an orb of fire
 74234 | Zot:5    | Killed an orb of fire
 74246 | Zot:5    | Noticed an orb of fire
 74258 | Zot:5    | Gained mutation: You do not regenerate when monsters are
                  | visible. [an orb of fire]
 74258 | Zot:5    | Killed an orb of fire
 74264 | Zot:5    | Noticed an orb of fire
 74268 | Zot:5    | Killed an orb of fire
 74431 | Zot:5    | Noticed an orb of fire
 74439 | Zot:5    | Noticed a Killer Klown
 74446 | Zot:5    | Killed an orb of fire
 74459 | Zot:5    | Killed a Killer Klown
 74506 | Zot:5    | Noticed an ancient lich
 74506 | Zot:5    | Noticed an orb of fire
 74512 | Zot:5    | Killed an orb of fire
 74515 | Zot:5    | Killed an ancient lich
 75750 | Zot:5    | Lost mutation: You sometimes lose your temper in combat.
                  | [potion of mutation]
 75750 | Zot:5    | Lost mutation: You do not regenerate when monsters are
                  | visible. [potion of mutation]
 75750 | Zot:5    | Gained mutation: You have a pair of small horns on your
                  | head. [potion of mutation]
 75750 | Zot:5    | Gained mutation: Your magical capacity is low. (-10% MP)
                  | [potion of mutation]
 75751 | Zot:5    | Lost mutation: You have a pair of small horns on your head.
                  | [potion of mutation]
 75751 | Zot:5    | Lost mutation: Your magical capacity is low. (-10% MP)
                  | [potion of mutation]
 75751 | Zot:5    | Gained mutation: You sometimes lose your temper in combat.
                  | [potion of mutation]
 75751 | Zot:5    | Gained mutation: You have an increased reservoir of magic.
                  | (+10% MP) [potion of mutation]
 75752 | Zot:5    | Lost mutation: You sometimes lose your temper in combat.
                  | [potion of mutation]
 75752 | Zot:5    | Lost mutation: You have an increased reservoir of magic.
                  | (+10% MP) [potion of mutation]
 75752 | Zot:5    | Gained mutation: You are partially covered in iridescent
                  | scales. (AC +2) [potion of mutation]
 75752 | Zot:5    | Gained mutation: You are strong-willed. (Will+) [potion of
                  | mutation]
 75752 | Zot:5    | Gained mutation: You have large cloven feet. [potion of
                  | mutation]
 75768 | Zot:5    | Got the Orb of Zot
 75907 | Depths:3 | Noticed a seraph
 76115 | D:8      | Noticed Fusajuel the pandemonium lord
 76162 | D:5      | Noticed Qokkoir the pandemonium lord
 76258 | D:$      | Escaped with the Orb!

Illustrated notes

Levels and vault maps discovered:
D:1:      arrival_zaba_pyramid, layout_basic,
          shapermc_ecumenical_altar_flowoftime
D:2:      layout_rooms, nicolae_kite_square_tiling_tiny
D:3:      layout_rooms
D:4:      layout_rooms
D:5:      layout_basic, nicolae_wu_jian_immortal_techniques, uniq_sigmund
D:6:      layout_gridville
D:7:      layout_loops_cross, minmay_temple_entry_mini_moons, enter_bailey_5,
          uniq_crazy_yiuf_cottage
D:8:      layout_cave_pools, amcnicky_altar_gilded, xom_redecorated,
          fedhas_altar_3, nicolae_qazlal_general_emergency, david_lair_shrubbed,
          minmay_strange_pillars
D:9:      layout_cave_pools, minmay_overflow_temple_star_quad,
          serial_gnoll_camp, gnoll_camp_medium_02, gnoll_camp_mini_doghouse,
          gnoll_camp_mini_loothouse, gnoll_camp_mini_shop, gnoll_camp_huts_basic
D:10:     layout_roguey, kennysheep_mini, david_orc_2, serial_demonic,
          serial_demonic_b, serial_demonic_g, serial_demonic_g,
          serial_demonic_b, serial_demonic_e, serial_demonic_a, st_stairs_7,
          uniq_erica
D:11:     layout_roguey, special_room [special_room_kobold], minivault_10,
          uniq_urug
D:12:     layout_basic, nrook_uturn
D:13:     layout_basic, hellmonk_vaults_keyhole, minmay_misc_feat_roman,
          uniq_lodul
D:14:     layout_roguey, nicolae_uskayaw_suspiria, uniq_kirke
D:15:     gammafunk_enter_depths_forms, layout_basic,
          hellmonk_okawaru_the_only_friend_you_need
Temple:   nicolae_temple_god_jail
Lair:1:   layout_cave_pods, beast_lair_carwin_10, grunt_megastairs_1
Lair:2:   regret_index_combs_of_tragedy, layout_long_grid,
          nicolae_lair_liquid_snakes, lemuel_fruit_tree,
          infiniplex_staircase_pool_2, uniq_prince_ribbit2
Lair:3:   layout_loops_ring, minmay_swamp_entry_worms,
          spider_nest_entry_funnel_web, portal_ice_cave_rime,
          grunt_forest_stairs_clearing
Lair:4:   layout_loops_ring, slime_entry_1, serial_bayou_shore_b
Lair:5:   wormcave, layout_hall_layers, hangedman_lair_caniforms_friends,
          grunt_megastairs_4
Swamp:1:  layout_basic_swamp, evilmike_swamp_ruin_house_1
Swamp:2:  layout_basic_swamp, hangedman_swamp_ruin_hall, swamp_pool_3,
          nicolae_swamp_nymph_family_reunion
Swamp:3:  layout_basic_swamp, ebering_ghost_xom, serial_swamp_ruin,
          evilmike_swamp_ruin_house_6, evilmike_swamp_ruin_house_2,
          evilmike_swamp_ruin_house_5
Swamp:4:  swamp_alternative, layout_basic_swamp, beargit_elvish_explorers
Spider:1: layout_spider_delve
Spider:2: nicolae_spider_broodchamber
Spider:3: nicolae_spider_hilbert_zone_7 [nicolae_spider_hilbert_4_sides_1_open,
          nicolae_spider_hilbert_4_sides_1_open,
          nicolae_spider_hilbert_4_sides_1_open,
          nicolae_spider_hilbert_4_sides_1_open,
          nicolae_spider_hilbert_3_sides_1_open,
          nicolae_spider_hilbert_3_sides_1_open,
          nicolae_spider_hilbert_3_sides_1_open,
          nicolae_spider_hilbert_3_sides_1_open,
          nicolae_spider_hilbert_4_sides_1_open,
          nicolae_spider_hilbert_4_sides_1_open,
          nicolae_spider_hilbert_4_sides_1_open,
          nicolae_spider_hilbert_2_sides_1_open,
          nicolae_spider_hilbert_2_sides_1_open,
          nicolae_spider_hilbert_2_sides_1_open,
          nicolae_spider_hilbert_2_sides_1_open,
          nicolae_spider_hilbert_2_sides_1_open,
          nicolae_spider_hilbert_2_sides_1_open], hive_lemuel
Spider:4: grunt_spider_rune_island, nicolae_spider_claw_tunnel, uniq_arachne
Orc:1:    layout_caves, special_room [special_room_orc]
Orc:2:    st_orc_congregation, layout_caves, uniq_sonja
Elf:1:    eino_elf_arrival_sip, layout_geoelf_octagon,
          minmay_elf_crystal_heptagon
Elf:2:    nicolae_elf_blades_crystal_corner, layout_geoelf_grid, minivault_28,
          uniq_azrael
Elf:3:    minmay_elf_hall_furrowed, layout_geoelf_grid,
          minmay_misc_feat_diagonals, dreamdust_princess_corridor,
          nrook_loot_triangle, uniq_donald
Vaults:1: v_pattern_2, nicolae_vaults_two_Ls, vaults_mumra_minichess,
          nicolae_vaults_shelves_hall, nicolae_vaults_tetromino_L_2,
          nicolae_vaults_rhombus_6, nicolae_vaults_trapezoid_lopsided_1,
          layout_vaults_omnigrid, serial_shops, nicolae_book_shop_shelving
Vaults:2: ontoclasm_vaults_spin, minmay_crypt_entry_simple_box,
          nicolae_vaults_murder_corner, nicolae_vaults_network_star,
          dpeg_vaults_monster_row, v_misc_24, v_misc_29, v_misc_1,
          nicolae_vaults_theta, nicolae_vaults_closet_pinwheel_6,
          ontoclasm_vaults_shuriken, vaults_room_hallway, layout_vaults_omnibox,
          serial_shops, shop
Vaults:3: serial_library_regret_index_headful, v_misc_15,
          nicolae_vaults_wrenched, v_misc_19, v_misc_3, grunt_vaults_diagonal,
          nicolae_vaults_storage_closets_2, nicolae_vaults_oval_intersection,
          nicolae_vaults_closet_pinwheel_1, v_pattern_3, minmay_orc_keep,
          serial_library_hellmonk_open_cross, nicolae_vaults_little_ls,
          layout_vaults_ring, serial_shops, bzr_entry_dummy,
          nicolae_shop_back_alley_shop, shop, nicolae_shop_just_a_little_nook,
          nicolae_shop_gaudy_bauble, uniq_mara
Vaults:4: nicolae_vaults_shipping_containers_3, hangedman_vaults_stream,
          nicolae_vaults_tetromino_L_2, v_misc_9, ontoclasm_vaults_gateway,
          v_pattern_1, hangedman_vaults_cutoff, ontoclasm_vaults_ring_small,
          nicolae_vaults_apartment_1, nicolae_vaults_shelves_hall,
          layout_vaults_big_room, uniq_margery
Vaults:5
Depths:1: layout_cave_pools, tso_metal_star, hell_entry,
          kennysheep_small_circle, uniq_nikola
Depths:2: grunt_double_whammy, layout_cave_shapes, small_statue_intersection,
          rand_demon_pan_entry_8, hell_entry, hex_tiny,
          evilmike_spriggan_trog_shrine, uniq_bai_suzhen
Depths:3: evilmike_wizard_prison, layout_cross, enter_ziggurat_b,
          abyss_entry_small_statue_room, gammafunk_ghost_abyssal_escape,
          serial_shops, nicolae_inconvenience_store, nicolae_vehumet_radiance,
          grunt_hell_horde
Depths:4: regret_index_infernal_bastille, layout_cave_shapes, hell_entry,
          nrook_pool_corridor, minmay_shop_grove
Zot:1:    layout_misc_corridors, gammafunk_ghost_wrathful_warriors, uniq_parghit
Zot:2:    layout_misc_corridors, basic_altar, regret_index_zotdec_dark_gr,
          st_stairs_8, st_large_dragon_hoard_1
Zot:3:    layout_cathedral_of_symmetry, basic_altar, st_single_dragon_hoard_3
Zot:4:    layout_onion_interference, hangedman_swamp_dais,
          regret_index_zotdec_banners, uniq_josephina
Zot:5:    layout_misc_corridors

Skill      XL: |  1  2  3  4  5  6  7  8  9 10 11 12 13 14 15 16 17 18 19 20 21 22 23 24 25 26 |
---------------+-------------------------------------------------------------------------------+-----
Invocations    | 1 2 3 4 5 6 7 8 9 10 11 12 13 14 15 16 17 18 19 20 | 20.0
Short Blades   | 1 2 3 5 6 7 8 9 10 11 12 13 14 15 16 17 18 | 18.5
Axes           | 1 2 3 5 6 7 8 9 10 11 12 13 14 15 16 17 18 | 18.5
Maces & Flails | 1 2 3 5 6 7 8 9 10 11 12 13 14 15 16 17 18 | 18.5
Polearms       | 1 2 3 5 6 7 8 9 10 11 12 13 14 15 16 17 18 | 18.5
Staves         | 1 2 3 5 6 7 8 9 10 11 12 13 14 15 16 17 18 | 18.5
Ranged Weapons | 1 2 3 5 6 7 8 9 10 11 12 13 14 15 16 18 19 20 21 | 21.3
Throwing       | 1 2 3 5 6 7 8 9 10 11 12 13 14 15 16 17 18 | 18.5
Armour         | 1 2 3 5 6 7 8 9 10 11 12 13 15 16 17 18 19 20 21 | 21.8
Stealth        | 1 2 3 5 6 7 8 9 10 11 12 13 14 15 16 17 18 | 18.5
Shields        | 1 2 3 5 6 7 8 9 10 11 12 13 14 15 16 17 18 | 18.5
Unarmed Combat | 1 2 3 5 6 7 8 9 10 11 12 13 14 15 16 17 18 | 18.5
Spellcasting   | 1 2 3 5 6 7 8 9 10 11 12 13 14 15 16 17 18 | 18.5
Evocations     | 1 2 3 5 6 7 8 9 10 11 12 13 14 15 16 17 18 | 18.5
Shapeshifting  | 1 2 3 4 5 6 7 8 9 10 11 12 13 14 15 16 17 | 17.1
Conjurations   | 1 2 3 4 5 6 7 8 9 10 11 12 13 14 15 | 15.7
Hexes          | 1 2 3 4 5 6 7 8 9 10 11 12 13 14 15 | 15.7
Summonings     | 1 2 3 4 5 6 7 8 9 10 11 12 13 14 15 | 15.7
Necromancy     | 1 2 3 4 5 6 7 8 9 10 11 12 13 14 15 | 15.7
Translocations | 1 2 3 4 5 6 7 8 9 10 11 12 13 14 15 | 15.7
Fire Magic     | 1 2 3 4 5 6 7 8 9 10 11 12 13 14 15 | 15.7
Ice Magic      | 1 2 3 4 5 6 7 8 9 10 11 12 13 14 15 | 15.7
Air Magic      | 1 2 3 4 5 6 7 8 9 10 11 12 13 14 15 | 15.7
Earth Magic    | 1 2 3 4 5 6 7 8 9 10 11 12 13 14 15 | 15.7
Alchemy        | 1 2 3 4 5 6 7 8 9 10 11 12 13 14 15 | 15.7
Fighting       | 7 8 9 10 11 12 13 14 15 16 17 18 19 | 19.4
Long Blades    | 7 8 9 10 11 12 13 14 15 16 17 18 19 | 19.4
Dodging        | 7 8 9 10 11 12 13 14 15 16 17 18 19 | 19.4

Action                     |  1- 3 |  4- 6 |  7- 9 | 10-12 | 13-15 | 16-18 | 19-21 | 22-24 | 25-27 || total
---------------------------+-------+-------+-------+-------+-------+-------+-------+-------+-------++-------
  Melee: Falchion          |    80 |   124 |   248 |    51 |       |       |       |       |       ||   503
         Bite              |     8 |    14 |    45 |    77 |   132 |   196 |   213 |   195 |    74 ||   954
         Dagger            |       |       |    19 |     1 |       |       |       |       |       ||    20
         Trident           |       |       |     5 |   458 |  1191 |  1734 |  1552 |   685 |   513 ||  6138
         Spear             |       |       |       |   114 |       |       |       |       |       ||   114
         Double sword      |       |       |       |       |       |       |       |   338 |       ||   338
         Broad axe         |       |       |       |       |       |       |       |    80 |       ||    80
         Kick              |       |       |       |       |       |       |       |       |     7 ||     7
  Throw: Stone             |       |     1 |       |       |       |       |       |       |       ||     1
         Dart              |       |     2 |     2 |    12 |    13 |     3 |     2 |     4 |       ||    38
         Throwing net      |       |       |       |     1 |       |       |       |       |       ||     1
         Javelin           |       |       |       |       |       |       |       |     2 |       ||     2
   Cast: Ensorcelled Hiber |       |     1 |     4 |     1 |       |       |       |       |       ||     6
         Sandblast         |       |     5 |    60 |     3 |       |       |       |       |       ||    68
         Call Canine Famil |       |       |    23 |    27 |    34 |     4 |     1 |       |       ||    89
         Frozen Ramparts   |       |       |    11 |    18 |     4 |     1 |       |       |       ||    34
         Ozocubu's Armour  |       |       |     4 |    14 |     9 |       |     2 |       |       ||    29
         Summon Ice Beast  |       |       |       |       |    34 |    60 |    20 |     5 |       ||   119
         Summon Mana Viper |       |       |       |       |    25 |    59 |    20 |    13 |    10 ||   127
         Irradiate         |       |       |       |       |     1 |     7 |     3 |    18 |     9 ||    38
         Borgnjor's Vile C |       |       |       |       |       |       |    47 |    65 |    26 ||   138
         Summon Forest     |       |       |       |       |       |       |    22 |    28 |     8 ||    58
         Spellforged Servi |       |       |       |       |       |       |       |     7 |    21 ||    28
         Malign Gateway    |       |       |       |       |       |       |       |       |     9 ||     9
         Passage of Golubr |       |       |       |       |       |       |       |       |     2 ||     2
 Invoke: Recall Ancestor   |       |       |       |    15 |    26 |    24 |    19 |    21 |    23 ||   128
         Ancestor Life: Kn |       |       |       |     1 |       |       |       |       |       ||     1
         Idealise          |       |       |       |       |     5 |     7 |     7 |    17 |     6 ||    42
  Evoke: Wand              |       |     7 |    14 |    17 |     5 |    11 |     6 |     4 |     5 ||    69
         Phantom mirror    |       |       |       |       |       |       |     1 |     2 |       ||     3
         Tin of tremorston |       |       |       |       |       |       |     2 |     2 |       ||     4
         Lightning rod     |       |       |       |       |       |       |       |       |     1 ||     1
    Use: Scroll            |       |       |     8 |    12 |    16 |     7 |     9 |    19 |    10 ||    81
         Potion            |       |       |       |     5 |     6 |     3 |     2 |       |     5 ||    21
   Stab: Invisible         |       |     3 |       |       |       |     1 |     4 |       |       ||     8
         Paralysed         |       |     6 |    16 |       |       |     6 |     3 |       |       ||    31
         Distracted        |       |       |     4 |    10 |    17 |    36 |    39 |    26 |    36 ||   168
         Sleeping          |       |       |     1 |     1 |    13 |    26 |    22 |     9 |     2 ||    74
 Armour: Robe              |    11 |       |       |       |   268 |       |       |       |       ||   279
         Leather armour    |    23 |    57 |   202 |   293 |    18 |       |       |       |       ||   593
         Ring mail         |       |       |       |       |   106 |   833 |   344 |   147 |       ||  1430
         Skin              |       |       |       |       |       |       |       |   620 |   265 ||   885
  Dodge: Dodged            |    42 |    72 |   254 |   382 |   456 |   663 |   375 |   624 |   304 ||  3172
  Block: Kite shield       |       |       |       |       |   414 |  1264 |   601 |  1045 |   413 ||  3737
   Form: Statue            |       |       |       |       |       |       |       |     2 |       ||     2
                           |       |       |       |       |       |       |       |     1 |       ||     1

Table legend: (Time is in decaauts)
 A = Elapsed time spent in this place.
 B = Non-inter-level travel time spent in this place.
 C = Inter-level travel time spent in this place.
 D = Time resting spent in this place.
 E = Time spent auto-exploring this place.
 F = Levels seen in this place.
 G = Mean time per level.
                   A        B        C        D        E       F      G
               +--------+--------+--------+--------+--------+-----+--------+
         Total |  82178 |  72272 |   9906 |  25327 |  27615 |  51 | 1611.3 |
       Dungeon |  21968 |  18551 |   3417 |   5873 |   8137 |  15 | 1464.5 |
        Temple |      1 |      1 |      0 |      0 |      0 |   1 |    1.0 |
          Lair |   9718 |   9025 |    693 |   3330 |   3616 |   5 | 1943.6 |
         Swamp |   4642 |   4347 |    295 |   1217 |   1982 |   4 | 1160.5 |
   Spider Nest |   7255 |   7057 |    198 |   3003 |   2311 |   4 | 1813.8 |
  Orcish Mines |   2666 |   2084 |    582 |    568 |    839 |   2 | 1333.0 |
   Elven Halls |   6513 |   5956 |    557 |   2335 |   2308 |   3 | 2171.0 |
        Vaults |  11493 |   9818 |   1675 |   1823 |   5047 |   5 | 2298.6 |
        Depths |   8776 |   7423 |   1353 |   2409 |   3132 |   4 | 2194.0 |
           Zot |   6594 |   5461 |   1133 |   2980 |    210 |   5 | 1318.8 |
        Bazaar |     90 |     90 |      0 |      0 |     30 |   1 |   90.0 |
        Bailey |    131 |    131 |      0 |    104 |      0 |   1 |  131.0 |
      Ice Cave |   2325 |   2325 |      0 |   1682 |      0 |   1 | 2325.0 |
               +--------+--------+--------+--------+--------+-----+--------+

Top non-repeatable levels by time:
   Zot:5: 3578 daAuts
Depths:4: 3570 daAuts
  Lair:5: 3471 daAuts
   Elf:3: 3193 daAuts
Vaults:4: 2810 daAuts
    D:15: 2772 daAuts
Vaults:5: 2678 daAuts
Vaults:3: 2551 daAuts
Spider:3: 2344 daAuts
   IceCv: 2325 daAuts
Depths:2: 2283 daAuts
     D:8: 2265 daAuts
  Lair:2: 2173 daAuts
   Elf:2: 2066 daAuts
   Orc:2: 1911 daAuts
